 Dungeon Crawl Stone Soup version 0.30.0-29-ga12c61a403 (webtiles) character file.

Game seed: 6824299284700408409

35 Descartes the Stinger (level 3, 0/19 HPs)
             Began as a Deep Elf Wanderer on June 5, 2023.
             Slain by an endoplasm (1 damage)
             ... on level 1 of the Dungeon.
             The game lasted 00:02:55 (1552 turns).

Descartes the Stinger (Deep Elf Wanderer)           Turns: 1552, Time: 00:02:55

Health: 0/19       AC:  2    Str: 11    XL:     3   Next: 17%
Magic:  6/10       EV: 10    Int: 17    God:
Gold:   16         SH:  3    Dex: 13    Spells: 8/9 levels left

rFire   . . .        a - +0 dagger
rCold   . . .        i - +0 buckler
rNeg    . . .        e - +0 robe
rPois   .            (no helmet)
rElec   .            (no cloak)
rCorr   .            (no gloves)
SInv    .            (no boots)
Will    .....        (no amulet)
Stlth   +            (no ring)
HPRegen 0.23/turn    (no ring)
MPRegen 0.12/turn

%: no passive effects
@: very slightly contaminated
A: no striking features
a: no special abilities


You were on level 1 of the Dungeon.
You visited 1 branch of the dungeon, and saw 2 of its levels.

You collected 16 gold pieces.

Inventory:

Hand Weapons
 a - a +0 dagger (weapon)
Missiles
 b - 12 poisoned darts (quivered)
Armour
 e - a +0 robe (worn)
 i - a +0 buckler (worn)
Scrolls
 f - a scroll of immolation {unknown}
 j - a scroll of fear {unknown}
 l - 2 scrolls of identify {unknown}
 m - a scroll of fog {unknown}
Potions
 c - 2 potions of attraction
 d - 2 potions of haste
 g - a potion of cancellation {unknown}
 h - a potion of flight {unknown}
 k - a potion of heal wounds {unknown}


   Skills:
 - Level 3.0 Throwing
 - Level 1.0 Armour
 + Level 0.6 Shields
 + Level 3.6 Spellcasting
 + Level 3.8 Poison Magic
 + Level 2.0 Evocations


You had 8 spell levels left.
You knew the following spells:

 Your Spells              Type           Power      Damage    Failure   Level
a - Sting                 Tmut/Pois      36%        1d4       11%         1

Your spell library contained the following spells:

 Spells                   Type           Power      Damage    Failure   Level
 Cigotuvi's Dreadful Rot  Necr/Pois/Air  14%        N/A       22%         2
 Olgreb's Toxic Radiance  Pois           15%        N/A       45%         4


Dungeon Overview and Level Annotations

Branches:
Dungeon (2/15)

Altars:


Message History

Confirm with . or Enter, or press ? or * to list all spells.
Aiming: Sting (safe; 11% risk of failure)
Press: ? - help, Shift-Dir - straight line, f - hobgoblin
Aim: a hobgoblin (68% to hit)
You miscast Sting.
You are very lightly contaminated with residual magic.
Nothing appears to happen.
The hobgoblin misses you. The endoplasm closely misses you.
Casting: Sting (safe; 11% risk of failure)
Confirm with . or Enter, or press ? or * to list all spells.
Aiming: Sting (safe; 11% risk of failure)
Press: ? - help, Shift-Dir - straight line, f/p - hobgoblin
Aim: a hobgoblin (68% to hit)
The sting hits the hobgoblin but does no damage.
The hobgoblin is poisoned.
The hobgoblin hits you.
* * * LOW HITPOINT WARNING * * *
The endoplasm closely misses you. The endoplasm attacks as you move away!
You block the endoplasm's attack.
Casting: Sting (safe; 11% risk of failure)
Confirm with . or Enter, or press ? or * to list all spells.
Aiming: Sting (safe; 11% risk of failure)
Press: ? - help, Shift-Dir - straight line, p - hobgoblin
Okay, then.
The hobgoblin attacks as you move away! The hobgoblin hits you.
* * * LOW HITPOINT WARNING * * *
Casting: Sting (safe; 11% risk of failure)
Confirm with . or Enter, or press ? or * to list all spells.
Aiming: Sting (safe; 11% risk of failure)
Press: ? - help, Shift-Dir - straight line, f/p - hobgoblin
Aim: a hobgoblin (heavily wounded, poisoned, 68% to hit)
You miscast Sting.
Nothing appears to happen.
The hobgoblin hits you.
* * * LOW HITPOINT WARNING * * *
The endoplasm misses you.
Casting: Sting (safe; 11% risk of failure)
Confirm with . or Enter, or press ? or * to list all spells.
Aiming: Sting (safe; 11% risk of failure)
Press: ? - help, Shift-Dir - straight line, f - you, p - hobgoblin
Okay, then.
The endoplasm attacks as you move away! The endoplasm hits you.
You die...

..####.........###.........#
.## ########### ########### ##
##### ###...## ####..<...####
##............##
###..............####
##)..........J.......###
###............g@).......##
.##................###....#####
...........###....##
###......## #######..### ######
##......# #### #...^^.#
##...^.# ##...## #####


You could see an endoplasm and a hobgoblin (poisoned).

Vanquished Creatures
  A dart slug (D:1)
  3 ball pythons
  2 endoplasms (D:1)
  2 giant cockroaches
  8 goblins
  2 hobgoblins
  2 jackals (D:1)
  A bat (D:2)
  4 frilled lizards
  3 kobolds
  4 rats (D:1)
32 creatures vanquished.

Notes
Turn   | Place    | Note
-------+----------+-------------------------------------------
     0 | D:1      | Descartes the Deep Elf Wanderer began the quest for the
                  | Orb.
     0 | D:1      | Descartes set off with the following items: a +0 dagger, 12
                  | poisoned darts, a potion of attraction, a potion of haste,
                  | a +0 robe; and the following spell memorised: Sting; and
                  | the following spells available to memorise: Cigotuvi's
                  | Dreadful Rot, Olgreb's Toxic Radiance.
     0 | D:1      | Reached XP level 1. HP: 10/10 MP: 6/6
   413 | D:1      | Reached XP level 2. HP: 15/15 MP: 4/8
  1358 | D:2      | Reached XP level 3. HP: 12/19 MP: 3/10
  1552 | D:1      | Slain by an endoplasm

Illustrated notes

Levels and vault maps discovered:
D:1:      evilmike_arrival_grusome_pit, layout_loops_corners
D:2:      layout_rooms, basic_altar

Skill      XL: |  1  2 |
---------------+-------+-----
Evocations     | 2 |  2.0
Throwing       | |  3.0
Armour         | |  1.0
Shields        | |  0.6
Spellcasting   | |  3.6
Poison Magic   | |  3.8

Action                     || total
---------------------------++-------
   Cast: Sting             ||    59
 Armour: Robe              ||     2
  Dodge: Dodged            ||    20
  Block: Buckler           ||     4
